 Dungeon Crawl Stone Soup version 0.17-a0-915-g8914353 (webtiles) character file.

96925 Lathuz the Peltast (level 15, -5/143 HPs)
             Began as a Minotaur Berserker on May 4, 2015.
             Was the Champion of Trog.
             Killed by divine providence
             ... invoked by a balrug
              (12 damage)
             ... on level 2 of the Abyss.
             The game lasted 01:59:22 (34087 turns).

Lathuz the Peltast (Minotaur Berserker)            Turns: 34087, Time: 01:59:24

Health: -5/143     AC: 26    Str: 22    XL:     15   Next: 70%
Magic:  14/14      EV:  9    Int:  4    God:    Trog [******]
Gold:   2212       SH: 12    Dex: 22    Spells: 0 memorised, 14 levels left

rFire  . . .     SeeInvis .     z - +3 eveningstar (protect)
rCold  . . .     Clarity  +     Z - +3 plate armour {rPois}
rNeg   + . .     SustAb   +     V - +2 buckler
rPois  +         Gourm    .     Y - +0 hat
rElec  +         Spirit   .     (no cloak)
rCorr  .         Warding  .     (no gloves)
rMut   .         Stasis   .     (no boots)
MR     +++..                    F - amulet of the Moon {Clar rElec Dex+6}
Stlth  ..........               j - ring of positive energy
                                s - ring of sustain abilities

@: exhausted, regenerating, slowed, drained, very slow, extremely resistant to
hostile enchantments, extremely unstealthy
A: retaliatory headbutt, horns 2, icy blue scales 1
a: Burn Spellbooks, Berserk, Trog's Hand, Brothers in Arms, Renounce Religion


You were on level 2 of the Abyss.
You worshipped Trog.
Trog was exalted by your worship.
You were not hungry.

You visited 3 branches of the dungeon, and saw 25 of its levels.
You visited the Abyss 1 time.
You visited 1 bazaar.
You also visited: Ossuary.

You collected 2532 gold pieces.
You spent 320 gold pieces at shops.

Inventory:

Hand weapons
 z - a +3 eveningstar of protection (weapon)
 Q - a +3 eveningstar
Armour
 V - a +2 buckler (worn)
 Y - a +0 hat (worn)
 Z - a +3 plate armour of poison resistance (worn)
Jewellery
 j - a ring of positive energy (right hand)
 k - an uncursed ring of teleport control
 s - a ring of sustain abilities (left hand)
 F - the amulet of the Moon (around neck) {Clar rElec Dex+6}
   (You found it on level 3 of the Lair of Beasts)

   [amulet of clarity]

   It provides mental clarity.
   It affects your dexterity (+6).
   It insulates you from electricity.
 S - an uncursed amulet of guardian spirit
 T - an uncursed ring of fire
Magical devices
 a - a wand of disintegration (16)
 f - a wand of polymorph (9)
 l - a wand of disintegration (14)
 y - a wand of polymorph (12)
 G - a wand of cold (12)
 I - a wand of fireball (12)
 W - a wand of paralysis (8)
Scrolls
 d - 4 scrolls of teleportation
 h - 7 scrolls of identify
 m - 3 scrolls of blinking
 p - a scroll of fog
 x - 3 scrolls of enchant weapon
 A - 3 scrolls of recharging
 H - a scroll of summoning {unknown}
 J - 2 scrolls of brand weapon
 L - a scroll of magic mapping
 P - 4 scrolls of remove curse
 X - a scroll of enchant armour
Potions
 b - 6 potions of curing
 e - 2 potions of cure mutation
 g - 5 potions of heal wounds
 n - 2 potions of invisibility
 q - a potion of ambrosia {unknown}
 r - 2 potions of brilliance
 u - 3 potions of agility
 v - a potion of berserk rage
 C - 4 potions of might
 D - a potion of cancellation
 K - a potion of resistance
 M - 2 potions of haste
Comestibles
 c - 16 bread rations
 i - 8 meat rations
 o - 24 fruits
 t - a slice of pizza
 w - 3 chunks of flesh
 N - 10 royal jellies


   Skills:
 - Level 15.8(15.6) Fighting
 + Level 13.8(13.6) Maces & Flails
 - Level 15.7(15.5) Armour
 - Level 2.1(2.0) Dodging
 + Level 19.6(19.4) Shields


You had 14 spell levels left.
You didn't know any spells.

Dungeon Overview and Level Annotations

Branches:
Dungeon (13/15)            Temple (0/1) D:7            Lair (8/8) D:10
 Shoals (0/4) Lair:4        Snake (0/4) Lair:5       Spider (0/4) Lair:3
  Slime (0/6) Lair:6          Orc (4/4) D:12            Elf (0/3) Orc:4
 Vaults: D:13-14

Altars:
Okawaru
The Shining One

Shops:
D:5 (   D:9 (   D:11 ?[:   Orc:4 ?[%

Annotations:
Lair:8 1 runed door


Innate Abilities, Weirdness & Mutations

You reflexively headbutt those who attack you in melee.
You have a pair of horns on your head.
You are partially covered in icy blue scales (AC +1).


Message History

The small abomination hits you but does no damage.
The ynoxinul gestures.
The small abomination hits you but does no damage.
Use which ability? (? or * to list)
Your skin crawls.
You feel resistant to hostile enchantments.
You feel slightly more hungry.
You are covered in liquid flames!
* * * LOW HITPOINT WARNING * * *
The small abomination hits you but does no damage.
You hear a grinding noise.
The small abomination hits you but does no damage.
A smoke demon comes into view.
You are covered in liquid flames!
* * * LOW HITPOINT WARNING * * *
You block the ufetubus's attack.
The ufetubus hits you but does no damage.
The balrug gestures at you. Something smites you!
You die...

. . . . # ...
..... ..#. #.#.#
#.. ##....####.#
## .
#...#.##.......#
#....
#....$.#.##.†###..
3..5#......#..#
#.#.#5##.....#
#532.x@...#...##
###3#.##†##....
555#.##†#... ' .
#..##.##†# ... ###
#... .....## ..##
#3.#. #.#.. ..##
.#≈≈≈ ...... .## #
.. ### . # #. # #
.


You could see a balrug, a sun demon, a ynoxinul, a small abomination and 2
ufetubi.

Vanquished Creatures
  A lich (Abyss:1)
  Gastronok (Lair:3)
  Maud (Lair:4)
  A very ugly thing (Abyss:2)
  The ghost of Borgoz the Unseen, a powerful SpAs of Jiyva (Orc:4)
  An ettin (Orc:4)
  Snorg (Lair:8)
  An ice dragon (Lair:6)
  Erolcha (Orc:2)
  11 hydras
  Erica (D:8)
  3 death yaks (Lair:8)
  A thrashing horror (Abyss:1)
  The ghost of furman the Carver, an experienced DsCK of Xom (D:10)
  Sonja (D:10)
  An unseen horror (D:12)
  A deep troll (Orc:4)
  2 lindwurms (Lair:8)
  Pikel (D:6)
  6 hill giants
  2 orc knights
  A water nymph (Lair:4)
  2 wolf spiders (Lair:8)
  A faun (Lair:4)
  An orc sorcerer (Orc:2)
  3 griffons
  7 elephants
  A cyclops (Orc:4)
  5 ugly things (Abyss:2)
  Maurice (Orc:2)
  A siren (Lair:4)
  A guardian serpent (Lair:8)
  A centaur skeleton (D:12)
  16 black mambas
  18 spiny frogs
  6 torpor snails (Lair:8)
  6 komodo dragons
  11 trolls
  7 fire drakes
  5 two-headed ogres
  2 polar bears (Lair:6)
  25 blink frogs
  3 giant leeches (Lair:8)
  3 raiju (Abyss:2)
  A large abomination (Abyss:2)
  3 trapdoor spiders (Lair:3)
  A ynoxinul (Abyss:1)
  3 wyverns (Lair:8)
  A shadow (D:13)
  3 wraiths
  59 yaks
  A deep elf fighter (D:10)
  5 basilisks
  A deep elf mage (D:10)
  A mottled dragon (Lair:5)
  3 wargs
  13 hippogriffs
  26 wolves
  A chaos spawn (Abyss:1)
  2 steam dragons
  Edmund (D:5)
  A neqoxec (Abyss:2)
  23 water moccasins
  12 porcupines
  Duvessa (D:4)
  A soldier ant (D:8)
  A swamp drake (Lair:5)
  4 spiders (Lair:8)
  7 wasps
  23 ogres
  19 orc warriors
  A small abomination (Abyss:2)
  A phantom (D:11)
  2 black bears
  4 sky beasts
  3 slaves (D:6)
  6 ice beasts
  A boring beetle (Lair:5)
  2 centaurs
  19 crocodiles
  2 big kobolds
  3 brain worms (Lair:8)
  16 giant frogs
  A water moccasin zombie (D:9)
  5 scorpions
  A water moccasin skeleton (D:5)
  Dowan (D:4)
  3 electric eels
  14 wights
  A goliath beetle (D:8)
  13 killer bees
  A crimson imp (D:5)
  25 orc wizards
  A centaur zombie (D:8)
  A giant frog zombie (D:12)
  A gnoll shaman (D:6)
  An iron imp (Abyss:2)
  16 orc priests
  Ijyb (D:2)
  A giant frog skeleton (D:9)
  A hound (D:6)
  3 jellies
  7 iguanas
  10 worker ants
  17 sheep
  A hound zombie (D:11)
  A hound skeleton (D:9)
  25 adders
  7 gnolls
  2 worker ant zombies
  62 river rats
  9 ufetubi (Abyss:1)
  2 adder zombies
  2 adder skeletons
  19 worms
  147 orcs
  3 ball pythons
  23 bats
  A bat skeleton (D:7)
  A bat zombie (D:6)
  9 giant cockroaches
  26 hobgoblins
  5 quokkas
  A ball python skeleton (D:4)
  7 giant geckos
  2 giant gecko zombies
  5 giant newts
  2 giant spores
  17 goblins
  A goblin zombie (D:5)
  A hobgoblin zombie (Ossuary)
  14 jackals
  A jackal skeleton (D:5)
  A jackal zombie (D:5)
  21 kobolds
  A kobold zombie (Ossuary)
  2 orc skeletons (Ossuary)
  2 orc zombies (Ossuary)
  21 rats
  A rat zombie (D:5)
  17 ballistomycetes
  4 plants
1035 creatures vanquished.

Vanquished Creatures (collateral kills)
  Nergalle (Orc:2)
  A hill giant (Orc:4)
  A cyclops (Orc:4)
  2 trolls (Orc:4)
  3 two-headed ogres (Orc:4)
  4 ogres (Orc:4)
  A spider (Lair:8)
  An orc priest (Orc:4)
  A shadow imp (Abyss:2)
  3 orcs
18 creatures vanquished.

Vanquished Creatures (others)
  A slave (D:6)
  An orc warrior (D:6)
  A worker ant (D:6)
  An orc (D:6)
  A giant spore (D:7)
  3 jackals (D:6)
  16 fungi
  16 plants
40 creatures vanquished.

Grand Total: 1093 creatures vanquished

Notes
Turn   | Place    | Note
--------------------------------------------------------------
     0 | D:1      | Lathuz, the Minotaur Berserker, began the quest for the Orb.
     0 | D:1      | Reached XP level 1. HP: 19/19 MP: 0/0
   170 | D:1      | Reached skill level 4 in Maces & Flails
   444 | D:1      | Reached XP level 2. HP: 26/26 MP: 1/1
   944 | D:1      | Reached skill level 5 in Maces & Flails
   944 | D:1      | Reached XP level 3. HP: 31/31 MP: 2/2
   988 | D:2      | Acquired Trog's second power
  1279 | D:2      | Noticed Ijyb
  1288 | D:2      | Killed Ijyb
  1288 | D:2      | Reached skill level 6 in Maces & Flails
  1288 | D:2      | Reached XP level 4. HP: 39/39 MP: 3/3
  1916 | D:3      | Reached skill level 7 in Maces & Flails
  1916 | D:3      | Reached XP level 5. HP: 34/45 MP: 4/4
  2709 | D:3      | Found an iron altar of Okawaru.
  3471 | D:4      | Reached skill level 8 in Maces & Flails
  3555 | D:4      | Reached XP level 6. HP: 51/51 MP: 5/5
  3658 | D:4      | Noticed Dowan
  3659 | D:4      | Noticed Duvessa
  3664 | D:4      | Killed Dowan
  3673 | D:4      | Killed Duvessa
  3673 | D:4      | Reached skill level 9 in Maces & Flails
  3940 | D:5      | Entered Level 5 of the Dungeon
  4013 | D:5      | Found Raysufen's Antique Weapon Shoppe.
  4160 | D:5      | Reached XP level 7. HP: 49/57 MP: 6/6
  4213 | D:5      | Reached skill level 10 in Maces & Flails
  4240 | D:5      | Noticed Edmund
  4252 | D:5      | Killed Edmund
  4492 | D:5      | Reached skill level 11 in Maces & Flails
  4499 | D:5      | Acquired Trog's third power
  4525 | D:5      | Found a sand-covered staircase.
  4543 | Ossuary  | Entered an ossuary
  4593 | Ossuary  | Reached XP level 8. HP: 64/64 MP: 7/7
  4632 | Ossuary  | Noticed a wraith
  4632 | Ossuary  | Noticed a flying skull
  4641 | Ossuary  | Noticed a flying skull
  4642 | Ossuary  | Noticed a flying skull
  4642 | Ossuary  | Noticed a flying skull
  4665 | Ossuary  | Noticed a flying skull
  4688 | Ossuary  | Noticed a wraith
  4691 | Ossuary  | Killed a wraith
  4691 | Ossuary  | Reached skill level 12 in Maces & Flails
  4704 | Ossuary  | Noticed a wraith
  4706 | Ossuary  | Killed a wraith
  5063 | D:6      | Reached skill level 5 in Fighting
  5425 | D:6      | Reached skill level 5 in Armour
  5434 | D:6      | Noticed Pikel
  5442 | D:6      | Killed Pikel
  5442 | D:6      | Reached XP level 9. HP: 50/78 MP: 8/8
  7252 | D:7      | Found a staircase to the Ecumenical Temple.
  7992 | D:8      | Noticed Erica
  8001 | D:8      | Killed Erica
  8001 | D:8      | Reached XP level 10. HP: 92/92 MP: 9/9
  8420 | D:8      | Reached skill level 10 in Fighting
  8444 | D:8      | Received a gift from Trog
  8535 | D:8      | Reached skill level 10 in Armour
 10129 | D:9      | Found Ocomeum's Antique Weapon Shop.
 10236 | D:10     | Entered Level 10 of the Dungeon
 10242 | D:10     | Noticed a hill giant
 10252 | D:10     | Killed a hill giant
 10351 | D:10     | Noticed a hill giant
 10359 | D:10     | Killed a hill giant
 10562 | D:10     | Noticed furman's ghost (experienced DsCK)
 10565 | D:10     | Reached XP level 11. HP: 104/104 MP: 10/10
 10585 | D:10     | Killed furman's ghost
 10726 | D:10     | Found a staircase to the Lair.
 10749 | Lair:1   | Entered Level 1 of the Lair of Beasts
 10788 | Lair:1   | Reached skill level 1 in Shields
 10845 | Lair:1   | Received a gift from Trog
 11153 | Lair:1   | Reached skill level 5 in Shields
 11382 | Lair:1   | Noticed a five-headed hydra
 11389 | Lair:1   | Killed a five-headed hydra
 12223 | Lair:2   | Noticed a four-headed hydra
 12234 | Lair:2   | Killed a four-headed hydra
 12445 | Lair:2   | Reached skill level 10 in Shields
 12797 | Lair:2   | Noticed a four-headed hydra
 12815 | Lair:2   | Killed a four-headed hydra
 12855 | Lair:2   | Reached XP level 12. HP: 109/112 MP: 11/11
 13689 | Lair:2   | Received a gift from Trog
 14865 | Lair:3   | Found a hole to the Spider Nest.
 15696 | Lair:3   | Reached skill level 13 in Shields
 15908 | Lair:3   | Noticed Gastronok
 15923 | Lair:3   | Killed Gastronok
 16464 | Lair:3   | Got a transparent copper amulet
 16473 | Lair:3   | Identified the amulet of the Moon {Clar rElec Dex+6} (You found it on level 3 of the Lair of Beasts)
 16939 | Lair:3   | Noticed a seven-headed hydra
 16944 | Lair:3   | Killed a seven-headed hydra
 17383 | Lair:4   | Reached skill level 14 in Shields
 17387 | Lair:4   | Reached XP level 13. HP: 122/122 MP: 12/12
 17487 | Lair:4   | Noticed an eight-headed hydra
 17499 | Lair:4   | Killed an eight-headed hydra
 17748 | Lair:4   | Received a gift from Trog
 17842 | Lair:4   | Noticed Maud
 17853 | Lair:4   | Killed Maud
 18384 | Lair:4   | Found a staircase to the Shoals.
 19364 | Lair:5   | Reached skill level 15 in Shields
 19374 | Lair:5   | Found a staircase to the Snake Pit.
 19521 | Lair:5   | Received a gift from Trog
 20263 | Lair:5   | Received a gift from Trog
 20385 | Lair:6   | Found a staircase to the Slime Pits.
 20546 | Lair:6   | Found a frozen archway.
 21120 | Lair:6   | Reached skill level 16 in Shields
 22017 | Lair:7   | Reached XP level 14. HP: 121/133 MP: 13/13
 23547 | Lair:8   | Entered Level 8 of the Lair of Beasts
 23891 | Lair:8   | Received a gift from Trog
 24205 | Lair:8   | Found a runed door.
 24241 | Lair:8   | Reached skill level 17 in Shields
 24510 | Lair:8   | Reached skill level 15 in Fighting
 24873 | Lair:8   | Reached skill level 15 in Armour
 24879 | Lair:8   | HP: 5/202 [river rat (6)]
 25271 | Lair:8   | Noticed Snorg
 25287 | Lair:8   | Killed Snorg
 25926 | Lair:8   | Received a gift from Trog
 25927 | Lair:8   | Got a brightly glowing demon trident {god gift}
 26034 | Lair:8   | Reached skill level 18 in Shields
 27485 | D:10     | Noticed a hill giant
 27510 | D:10     | Killed a hill giant
 27547 | D:10     | Reached XP level 15. HP: 120/143 MP: 14/14
 27704 | D:10     | Noticed Sonja
 27707 | D:10     | Killed Sonja
 28421 | D:11     | Found Hockite's Antique Armour Boutique.
 28450 | D:11     | Found Wetes's Magic Scroll Shop.
 28456 | D:11     | Bought a scroll of brand weapon for 320 gold pieces
 28483 | D:11     | Found a glowing golden altar of the Shining One.
 28697 | D:11     | Found a flickering gateway to a bazaar.
 28707 | Bazaar   | Entered a bazaar
 28712 | Bazaar   | Found Vikask's Antique Armour Shop.
 28738 | Bazaar   | Found Zeetzarch's Jewellery Shop.
 28846 | D:11     | Received a gift from Trog
 28923 | D:11     | Found Uddiofoc's Book Shoppe.
 29379 | D:12     | Received a gift from Trog
 29688 | D:12     | Found a staircase to the Orcish Mines.
 30449 | Orc:1    | Entered Level 1 of the Orcish Mines
 30802 | Orc:2    | Received a gift from Trog
 30981 | Orc:2    | Noticed Erolcha
 31038 | Orc:2    | Killed Erolcha
 31073 | Orc:2    | Noticed Nergalle
 31081 | Orc:2    | Killed Nergalle
 31164 | Orc:2    | Received a gift from Trog
 31354 | Orc:2    | Noticed Maurice
 31408 | Orc:2    | Killed Maurice
 31690 | Orc:2    | Reached skill level 19 in Shields
 32260 | Orc:4    | Entered Level 4 of the Orcish Mines
 32414 | Orc:4    | Found a staircase to the Elven Halls.
 32544 | Orc:4    | Noticed Borgoz's ghost (powerful SpAs)
 32576 | Orc:4    | Killed Borgoz's ghost
 32655 | Orc:4    | Found Romacoc's Magic Scroll Shoppe.
 33589 | Orc:4    | Received a gift from Trog
 33658 | Orc:4    | Found Qaudum's Antique Armour Emporium.
 33696 | Orc:4    | Found Rebois's Food Boutique.
 33710 | Orc:4    | Cast into the Abyss (an ogre mage)
 33710 | Abyss:1  | Found a corrupted altar of Lugonu.
 33779 | Abyss:1  | Noticed a lich
 33795 | Abyss:1  | Killed a lich
 33833 | Abyss:1  | Noticed a bone dragon
 33929 | Abyss:2  | Gained mutation: You are partially covered in icy blue scales (AC +1). [a neqoxec]
 34086 | Abyss:2  | HP: 5/143 [burnt (9)]
 34087 | Abyss:2  | Killed from afar by a balrug

Action                   |  1- 3 |  4- 6 |  7- 9 | 10-12 | 13-15 || total
-------------------------+-------+-------+-------+-------+-------++-------
Melee: Mace              |    91 |   105 |       |       |       ||   196
       Flail             |       |    37 |   338 |    50 |       ||   425
       Dire flail        |       |       |       |   254 |       ||   254
       Morningstar       |       |       |       |   472 |    44 ||   516
       Eveningstar       |       |       |       |       |  1610 ||  1610
Throw: Javelin           |       |       |       |       |    18 ||    18
Invok: Berserk           |     1 |     2 |     4 |    11 |    26 ||    44
       Trog's Hand       |       |       |       |     1 |     3 ||     4
       Burn Spellbooks   |       |       |       |       |     1 ||     1
       Brothers in Arms  |       |       |       |       |     9 ||     9
  Use: Scroll            |       |       |    10 |     3 |    19 ||    32
       Potion            |       |       |       |     5 |     5 ||    10
  Eat: Chunk             |     1 |    11 |    10 |    28 |    68 ||   118
       Beef jerky        |       |     1 |       |       |     6 ||     7
       Meat ration       |       |       |     1 |     3 |     1 ||     5
       Pizza             |       |       |       |     1 |     1 ||     2
       Fruit             |       |       |       |       |     1 ||     1
